 Dungeon Crawl Stone Soup version 0.27-a0-1119-gbf574a6a6b (webtiles) character file.

Game seed: 17557229111330263424

56 Zeld the Grasshopper (level 3, -2/25 HPs)
             Began as an Octopode Warper on May 2, 2021.
             Slain by an adder (5 damage)
             ... on level 2 of the Dungeon.
             The game lasted 00:05:37 (2679 turns).

Zeld the Grasshopper (Octopode Warper)              Turns: 2679, Time: 00:05:38

Health: -2/25      AC:  1    Str: 10    XL:     3   Next: 95%
Magic:  0/6        EV: 13    Int: 16    God:
Gold:   17         SH:  0    Dex: 11    Spells: 1/6 levels left

rFire    . . .     SeeInvis .     - Unarmed
rCold    + . .     Faith    .   (no shield)
rNeg     . . .     Spirit   .   (helmet restricted)
rPois    .         Reflect  .   (no amulet)
rElec    .         Harm     .   c - ring of protection from cold
rCorr    .         Rampage  .   (no ring)
Will     .....                  (no ring)
Stlth    ++........             (no ring)
HPRegen  0.08/turn              (no ring)
MPRegen  0.10/turn              (no ring)
                                (no ring)
                                (no ring)

@: no status effects
A: almost no armour, amphibious, 8 rings, camouflage 1, gelatinous body 1,
(nimble swimmer 1), tentacles
a: no special abilities


You were on level 2 of the Dungeon.
You visited 1 branch of the dungeon, and saw 2 of its levels.

You collected 17 gold pieces.

Inventory:

Missiles
 h - 2 throwing nets
 i - 20 stones (quivered)
Jewellery
 c - a ring of protection from cold (left tentacle)
Scrolls
 b - a scroll of blinking
 d - a scroll of summoning {unknown}
 e - a scroll of teleportation {unknown}
 g - a scroll of enchant armour {unknown}
 j - 2 scrolls of identify {unknown}
Potions
 a - 4 potions of brilliance {unknown}
 f - a potion of heal wounds {unknown}


   Skills:
 - Level 2.5 Fighting
 * Level 1.4 Throwing
 - Level 2.7 Dodging
 - Level 2.0 Unarmed Combat
 + Level 2.4 Spellcasting
 * Level 3.6 Translocations


You had one spell level left.
You knew the following spells:

 Your Spells              Type           Power      Damage    Failure   Level
a - Blink                 Tloc           N/A        N/A       7%          2
b - Gell's Gravitas       Tloc           6%         N/A       13%         3

Your spell library contained the following spells:

 Spells                   Type           Power      Damage    Failure   Level
 Summon Small Mammal      Summ           4%         N/A       21%         1
 Lesser Beckoning         Tloc           6%         N/A       13%         3
 Teleport Other           Tloc           13%        N/A       13%         3
 Call Imp                 Summ           1%         N/A       30%         2
 Call Canine Familiar     Summ           1%         N/A       52%         3
 Summon Guardian Golem    Hex/Summ       1%         N/A       52%         3
 Manifold Assault         Tloc           13%        N/A       77%         5
 Summon Ice Beast         Ice/Summ       1%         N/A       89%         4
 Summon Lightning Spire   Summ/Air       1%         N/A       89%         4


Dungeon Overview and Level Annotations

Branches:
Dungeon (2/15)

Altars:


Innate Abilities, Weirdness & Mutations

You cannot wear most types of armour.
You are amphibious.
You can wear up to eight rings at the same time.
Your skin changes colour to match your surroundings (Stealth+).
Your rubbery body absorbs attacks. (AC +1, EV +1)
((You are camouflaged near water. (Stealth+)))
You have tentacles for arms and can constrict up to eight enemies at once.


Message History

Your squeeze misses the adder.
The adder is heavily wounded.
You feel sick. The adder misses you.
You are too injured to fight recklessly!
You closely miss the adder. Your grab misses the adder.
The adder is heavily wounded.
You feel sick. The adder bites you but does no damage.
You tentacle-slap the adder but do no damage.
Your grab misses the adder.
The adder is heavily wounded.
You feel sick. The adder bites you.
You closely miss the adder. You grab the adder.
The adder is heavily wounded.
You constrict the adder.
You feel sick. The adder bites you.
* * * LOW HITPOINT WARNING * * *
The adder barely misses you.
Casting: Gell's Gravitas (quite dangerous; 13% risk of failure)
Confirm with . or Enter, or press ? or * to list all spells.
You blink.
You lose your grip on the adder.
You feel sick.
Casting: Blink (safe; 7% risk of failure)
Confirm with . or Enter, or press ? or * to list all spells.
Okay, then.
Okay, then.
Throw: 22 stones
Press: ? - help, Q - select action, (/) - cycle Shift-Dir - straight line, f - adder
Aim: an adder (heavily wounded, 35% to hit)
You throw a stone. The stone barely misses the adder.
You feel sick.
You are no longer poisoned.
Throw: 21 stones
Press: ? - help, Q - select action, (/) - cycle Shift-Dir - straight line, f/p - adder
Aim: an adder (heavily wounded, 35% to hit)
You throw a stone. The stone barely misses the adder.
The adder closely misses you.
Unknown command.
Casting: Blink (safe; 7% risk of failure)
Confirm with . or Enter, or press ? or * to list all spells.
You blink.
The adder bites you.
You die...

#.... #....
###########....
#.....#........
#.....#.###[...
#######.....#...#.###
.....................
#.........##.#.###
#@S.......##.#.# #
#..........#.#.# #
#........#.#.#.# #
####.....#.#.#.###
#.....#...#....
###............
#............
#.....(......
#............


You could see an adder.

Vanquished Creatures
  An adder (D:2)
  3 dart slugs (D:1)
  5 endoplasms (D:1)
  5 giant cockroaches (D:1)
  2 goblins (D:1)
  A hobgoblin (D:1)
  2 jackals (D:1)
  3 quokkas (D:1)
  7 ball pythons
  A bat (D:1)
  4 kobolds
  4 rats (D:1)
38 creatures vanquished.

Notes
Turn   | Place    | Note
-------+----------+-------------------------------------------
     0 | D:1      | Zeld the Octopode Warper began the quest for the Orb.
     0 | D:1      | Reached XP level 1. HP: 14/14 MP: 3/3
   334 | D:1      | Reached XP level 2. HP: 19/19 MP: 5/5
   337 | D:1      | Learned a level 2 spell: Blink
   943 | D:1      | Reached XP level 3. HP: 25/25 MP: 6/6
   947 | D:1      | Learned a level 3 spell: Gell's Gravitas
  2679 | D:2      | Slain by an adder

Illustrated notes

Levels and vault maps discovered:
D:1:      roderic_octagonal_star, layout_loops_ring
D:2:      layout_basic

Action                   || total
-------------------------++-------
Melee: Unarmed           ||   100
       Constrict         ||    24
       Tentacles         ||    12
Throw: Stone             ||     4
 Cast: Blink             ||    14
       Gell's Gravitas   ||     8
 Stab: Sleeping          ||     5
Armor: Skin              ||     5
Dodge: Dodged            ||    46

Table legend: (Time is in decaauts)
 A = Elapsed time spent in this place.
 B = Non-inter-level travel time spent in this place.
 C = Inter-level travel time spent in this place.
 D = Time resting spent in this place.
 E = Time spent auto-exploring this place.
 F = Levels seen in this place.
 G = Mean time per level.
                   A        B        C        D        E       F      G
               +--------+--------+--------+--------+--------+-----+--------+
         Total |   2674 |   2665 |      9 |    227 |   2134 |   2 | 1337.0 |
       Dungeon |   2674 |   2665 |      9 |    227 |   2134 |   2 | 1337.0 |
               +--------+--------+--------+--------+--------+-----+--------+

Top non-repeatable levels by time:
     D:1: 1715 daAuts
     D:2: 959 daAuts
